 Dungeon Crawl Stone Soup version 0.28.0 (webtiles) character file.

Game seed: 13849055133520296846

7529 HallandMoats the Fighter (level 10, 0/106 HPs)
             Began as a Troll Monk on Feb 7, 2022.
             Was the Champion of Okawaru.
             Slain by an orc warrior (7 damage)
             ... on level 9 of the Dungeon.
             The game lasted 00:09:44 (7681 turns).

HallandMoats the Fighter (Troll Monk)               Turns: 7681, Time: 00:09:44

Health: 0/106      AC: 11    Str: 21    XL:     10   Next: 96%
Magic:  13/13      EV: 13    Int:  6    God:    Okawaru [******]
Gold:   411        SH:  0    Dex: 16    Spells: 9/9 levels left

rFire   . . .      SeeInvis +     - Unarmed
rCold   . . .      Faith    .   (no shield)
rNeg    . . .      Spirit   .   A - +0 acid dragon scales
rPois   .          Reflect  .   h - +1 hat
rElec   .          Harm     .   k - +0 cloak
rCorr   +          Rampage  .   (gloves unavailable)
Will    .....                   (boots unavailable)
Stlth   +.........              (no amulet)
HPRegen 1.07/turn               d - ring of see invisible
MPRegen 0.13/turn               (no ring)

@: slowed, very slow
A: large, unfitting armour, claws 3, regeneration 1, shaggy fur 1, tough skin 1
a: Renounce Religion, Heroism, Finesse, Duel


You were on level 9 of the Dungeon.
You worshipped Okawaru.
Okawaru was exalted by your worship.
You visited 1 branch of the dungeon, and saw 9 of its levels.

You collected 411 gold pieces.

Inventory:

Hand Weapons
 o - the +6 mace of the Evening {elec, Fly rPois Dex-4 SInv}
   (You found it on level 3 of the Dungeon)

   It occasionally discharges a powerful burst of electricity upon striking a
   foe.
   Dex:       It affects your dexterity (-4).
   rPois:     It protects you from poison.
   SInv:      It lets you see invisible.
   Fly:       It grants you flight.
 C - the +6 dagger "Fufeot" {freeze, +Blink Dex+2}
   (You found it on level 7 of the Dungeon)

   It freezes those it strikes, dealing additional cold damage.
   It can also slow down cold-blooded creatures.
   Dex:       It affects your dexterity (+2).
   +Blink:    It lets you blink.
Missiles
 r - 3 throwing nets (quivered)
Armour
 h - a +1 hat (worn)
 k - a +0 cloak (worn)
 A - +0 acid dragon scales (worn)
 G - +0 steam dragon scales
Jewellery
 d - a ring of see invisible (left claw)
Wands
 l - a wand of iceblast (17)
 q - a wand of acid (9)
 x - a wand of paralysis (5)
 D - a wand of mindburst (19)
Scrolls
 a - 2 scrolls of magic mapping
 b - 2 scrolls of fog
 e - 4 scrolls of identify
 m - a scroll of enchant armour {unknown}
 t - a scroll of immolation {unknown}
 u - a scroll of fear
 v - 2 scrolls of holy word {unknown}
 y - a scroll of enchant weapon {unknown}
 F - a scroll of silence {unknown}
 H - a scroll of teleportation {unknown}
 I - a scroll of amnesia {unknown}
 J - a scroll of vulnerability {unknown}
Potions
 c - a potion of resistance {unknown}
 f - 2 potions of haste {unknown}
 g - 3 potions of degeneration {unknown}
 i - a potion of curing
 j - 2 potions of lignification {unknown}
 n - a potion of cancellation {unknown}
 p - 2 potions of flight {unknown}
 s - a potion of magic {unknown}
 w - a potion of might {unknown}
 z - a potion of heal wounds {unknown}
 B - a potion of attraction {unknown}
 E - a potion of invisibility {unknown}
 K - a potion of berserk rage {unknown}


   Skills:
 * Level 8.5 Fighting
 + Level 3.3 Armour
 * Level 8.4 Dodging
 - Level 1.0 Stealth
 + Level 7.4 Unarmed Combat
 + Level 5.5 Invocations


You had 9 spell levels left.
You didn't know any spells.
Your spell library contained the following spells:

 Spells                   Type           Power      Damage    Failure   Level
 Ensorcelled Hibernation  Hex/Ice        0%         N/A       67%         2
 Static Discharge         Conj/Air       0%         N/A       67%         2
 Spider Form              Tmut/Pois      0%         N/A       88%         3
 Stone Arrow              Conj/Erth      0%         3d7       88%         3
 Airstrike                Air            0%         N/A       99%         4
 Anguish                  Hex/Necr       0%         N/A       99%         4
 Iskenderun's Battlesphe  Conj           0%         2d6       100%        5
 Lightning Bolt           Conj/Air       0%         1d11      100%        5
 Iron Shot                Conj/Erth      0%         9d1       100%        6
 Lehudib's Crystal Spear  Conj/Erth      0%         10d2      100%        8
 Maxwell's Capacitive Co  Air            0%         ∞         100%        8
 Chain Lightning          Conj/Air       0%         N/A       100%        9
 Fire Storm               Conj/Fire      0%         5d1       100%        9
 Shatter                  Erth           0%         3d5*      100%        9
 Animate Armour           Summ/Erth      Unusable   N/A       N/A         4
 Summon Lightning Spire   Summ/Air       Unusable   N/A       N/A         4
 Spellforged Servitor     Conj/Summ      Unusable   N/A       N/A         7

Dungeon Overview and Level Annotations

Branches:
Dungeon (9/15)             Temple (0/1) D:6
   Lair: D:8-11         Orc: D:9-12

Altars:
Cheibriados
Hepliaklqana
Kikubaaqudgha
Okawaru
Sif Muna
Uskayaw
Vehumet

Annotations:
D:5 2 transporters, willcat's ghost, weakling OpDe


Innate Abilities, Weirdness & Mutations

You are too large for most types of armour.
You have claws for hands.
Your natural rate of healing is unusually fast.
You are covered in fur. (AC +1)
You have tough skin. (AC +1)


Message History

The hornet stings you but does no damage.
You feel yourself speed up. The hornet misses you.
You feel like a meek peon again.
The hornet stings you but does no damage.
As you read the scroll labelled HAHOZUFOMN, it crumbles to dust.
It is a scroll of identify.
a - 2 scrolls of magic mapping The hornet misses you.
As you read the scroll labelled UTYES RIUFF, it crumbles to dust.
The scroll dissolves into smoke.
It was a scroll of fog.
The hornet stings you!
* * * LOW HITPOINT WARNING * * *
You feel yourself slow down. The hornet stings you.
* * * LOW HITPOINT WARNING * * *
You are poisoned.
You feel as though you will be slow longer.
Unknown command.
You feel better. The hornet closely misses you.
The hornet stings you but does no damage.
As you read the scroll labelled WOVIAS ACUSUMN, it crumbles to dust.
You assume a fearsome visage.
The hornet looks frightened!
The yak looks frightened!
It was a scroll of fear.
Cornered, the hornet turns to fight!
The hornet barely misses you. The hornet misses you. The hornet stings you.
* * * LOW HITPOINT WARNING * * *
You are poisoned.
You feel as though you will be slow longer.
You feel very sick. The hornet misses you.
You feel sick. The hornet stings you!
* * * LOW HITPOINT WARNING * * *
You feel as though you will be slow longer.
There is a stone staircase leading down here.
You feel better. The hornet stings you.
* * * LOW HITPOINT WARNING * * *
You feel as though you will be slow longer.
The hornet closely misses you.
The orc warrior hits you from afar with a +0 halberd!
You die...

#.#......#......
..##.#......#....P.
#.##.#.####.#....P.
#.##.#.# ##......P.
#.##.#.###.......P.
#.............)....
#§§#.#.####.####...
#§§#.#.####.####.#.
#§@..............#.
#y###...###...##.#.
#o# #............#.
#§# #....####.#....
#§# #....# #.#....
#§# #.#.# #.#.._.
######Z# .#.#
#.#.... #....Yo# .#
# #.#....
#.####Z####.#
#.#..#.


You could see a hornet and an orc warrior.

Vanquished Creatures
  Harold (D:7)
  A hydra (D:9)
  2 two-headed ogres
  Maggie (D:7)
  A hornet (D:9)
  Prince Ribbit (D:5)
  Eustachio (D:5)
  A wraith (D:9)
  6 yaks
  A steam dragon (D:8)
  Menkaure (D:7)
  3 water moccasins
  An ice beast (D:5)
  3 sky beasts
  2 ogres
  A phantom (D:6)
  2 kobold brigands
  A bullfrog (D:6)
  2 scorpions
  2 wyvern zombies
  17 wights
  3 howler monkeys
  2 hounds
  A bullfrog zombie (D:6)
  A centaur zombie (D:8)
  A jelly (D:4)
  Crazy Yiuf (D:3)
  A gnoll shaman (D:3)
  4 orc priests
  A centaur skeleton (D:6)
  Jessica (D:3)
  Natasha (twice) (D:3)
  2 iguanas
  3 orc wizards
  A scorpion zombie (D:5)
  2 killer bee zombies (D:7)
  A hound skeleton (D:5)
  Robin (D:4)
  2 howler monkey zombies
  5 gnolls
  5 adders
  2 ufetubi (D:5)
  2 worms
  A dart slug (D:3)
  15 orcs
  3 ball pythons
  7 bats
  6 endoplasms
  4 giant cockroaches
  18 goblins
  8 hobgoblins
  2 jackals (D:1)
  3 quokkas
  6 frilled lizards
  12 kobolds
  2 rats
182 creatures vanquished.

Vanquished Creatures (others)
  6 plants (D:5)
6 creatures vanquished.

Grand Total: 188 creatures vanquished

Notes
Turn   | Place    | Note
-------+----------+-------------------------------------------
     0 | D:1      | HallandMoats the Troll Monk began the quest for the Orb.
     0 | D:1      | Reached XP level 1. HP: 22/22 MP: 0/0
   209 | D:1      | Reached XP level 2. HP: 21/29 MP: 1/1
   784 | D:2      | Reached XP level 3. HP: 36/36 MP: 2/2
  1512 | D:3      | Reached XP level 4. HP: 35/45 MP: 3/3
  1554 | D:3      | Noticed Jessica
  1562 | D:3      | Killed Jessica
  1566 | D:3      | Reached XP level 5. HP: 32/53 MP: 4/4
  1649 | D:3      | Found an iron altar of Okawaru.
  1656 | D:3      | Became a worshipper of Warmaster Okawaru
  1656 | D:3      | Reached * piety under Okawaru
  1656 | D:3      | Reached ** piety under Okawaru
  1686 | D:3      | Found a hide-covered altar of Uskayaw.
  1687 | D:3      | Found an ancient bone altar of Kikubaaqudgha.
  1719 | D:3      | Noticed Natasha
  1726 | D:3      | Killed Natasha
  1849 | D:3      | Noticed Natasha
  1856 | D:3      | Killed Natasha
  1932 | D:3      | Found a runed translucent door.
  1933 | D:3      | Noticed Crazy Yiuf
  1975 | D:3      | Killed Crazy Yiuf
  1980 | D:3      | Identified the +6 mace of the Evening {elec, Fly rPois
                  | Dex-4 SInv}
  2057 | D:3      | Reached XP level 6. HP: 46/62 MP: 5/5
  2066 | D:3      | Reached skill level 1 in Invocations
  2348 | D:4      | Noticed Robin
  2373 | D:4      | Killed Robin
  2903 | D:4      | Reached XP level 7. HP: 71/71 MP: 7/7
  3199 | D:4      | You fall into a shaft and drop 3 floors!
  3199 | D:7      | Noticed Maggie
  3265 | D:7      | Reached *** piety under Okawaru
  3367 | D:6      | Reached skill level 5 in Fighting
  3367 | D:6      | Reached skill level 5 in Dodging
  3430 | D:5      | Entered Level 5 of the Dungeon
  3690 | D:5      | Reached XP level 8. HP: 80/80 MP: 8/8
  3749 | D:5      | Reached skill level 5 in Unarmed Combat
  3853 | D:5      | Noticed Eustachio
  3958 | D:5      | Killed Eustachio
  4136 | D:5      | Found a shimmering blue altar of Sif Muna.
  4187 | D:5      | Noticed willcat's ghost (weakling OpDe)
  4224 | D:5      | Found a hazy altar of Hepliaklqana.
  4280 | D:5      | Found a transporter.
  4281 | D:5      | Found a transporter.
  4314 | D:5      | Noticed Prince Ribbit
  4334 | D:5      | Killed Prince Ribbit
  4334 | D:5      | Reached **** piety under Okawaru
  4685 | D:6      | Found a staircase to the Ecumenical Temple.
  5519 | D:7      | Reached XP level 9. HP: 77/91 MP: 10/10
  5598 | D:7      | Noticed Menkaure
  5613 | D:7      | Killed Menkaure
  5615 | D:7      | Killed Maggie
  5671 | D:7      | Found a radiant altar of Vehumet.
  5847 | D:7      | Noticed Harold
  5863 | D:7      | Killed Harold
  5863 | D:7      | Reached ***** piety under Okawaru
  5864 | D:7      | Reached skill level 1 in Armour
  6074 | D:7      | Identified the +6 dagger "Fufeot" {freeze, +Blink Dex+2}
  6397 | D:8      | Noticed a two-headed ogre
  6411 | D:8      | Killed a two-headed ogre
  6412 | D:8      | Reached XP level 10. HP: 49/102 MP: 12/12
  6625 | D:8      | Found a snail-covered altar of Cheibriados.
  6905 | D:8      | Reached skill level 5 in Invocations
  7321 | D:9      | Found an iron altar of Okawaru.
  7548 | D:9      | Noticed a two-headed ogre
  7561 | D:9      | Killed a two-headed ogre
  7639 | D:9      | Noticed a six-headed hydra
  7645 | D:9      | Killed a six-headed hydra
  7651 | D:9      | Reached ****** piety under Okawaru
  7660 | D:9      | Paralysed by a hornet for 2 turns
  7680 | D:9      | HP: 1/106 [hornet (11)]
  7681 | D:9      | Slain by an orc warrior

Illustrated notes

Levels and vault maps discovered:
D:1:      zelgadis_glass_arrival_small, layout_loops_ring, minivault_4,
          nicolae_concentric_dashed_squares_wild, serial_bayou_pond_d
D:2:      layout_loops_ring
D:3:      layout_rooms, nicolae_overflow_squiral, kennysheep_flooded_box,
          uniq_jessica, uniq_crazy_yiuf_cottage, uniq_natasha
D:4:      layout_basic, moated_statue, grunt_ministairs_13,
          hangedman_minor_gate_pass, uniq_robin
D:5:      layout_loops_ring, mainiacjoe_overflow_alcove_4,
          mainiacjoe_overflow_small_starburst, gammafunk_ghost_gnarly_gnolls,
          uniq_eustachio, uniq_prince_ribbit1
D:6:      layout_layer_cave, minmay_temple_entry_gardened_gates,
          minmay_misc_feat_chi, minmay_splitting_lines
D:7:      layout_cave_pods, vehumet_crystals, uniq_menkaure, uniq_maggie,
          uniq_harold
D:8:      layout_loops_corners, kennysheep_mini
D:9:      cheibrodos_statue_roulette, layout_basic,
          mainiacjoe_overflow_boulevard, minmay_ruined_shrine

Skill      XL: |  1  2  3  4  5  6  7  8  9 10 |
---------------+-------------------------------+-----
Dodging        | 3 4 5 6 7 8 |  8.4
Fighting       | 3 4 5 6 7 8 |  8.5
Unarmed Combat | 4 5 6 7 |  7.4
Invocations    | 1 2 3 4 5 |  5.5
Armour         | 2 3 |  3.3
Stealth        | |  1.0

Action                   |  1- 3 |  4- 6 |  7- 9 | 10-12 || total
-------------------------+-------+-------+-------+-------++-------
Melee: Unarmed           |   122 |   141 |   284 |   148 ||   695
       Punch             |     4 |     3 |     7 |     8 ||    22
       Mace              |       |       |       |     6 ||     6
Invok: Heroism           |       |       |     2 |     2 ||     4
       Finesse           |       |       |     1 |       ||     1
  Use: Scroll            |       |       |       |     3 ||     3
       Potion            |       |       |       |     3 ||     3
 Stab: Sleeping          |     2 |     3 |     2 |     1 ||     8
Armor: Robe              |    43 |    39 |       |       ||    82
       Animal skin       |       |     4 |    92 |       ||    96
       Acid dragon scale |       |       |    15 |    47 ||    62
Dodge: Dodged            |    74 |    87 |   223 |    98 ||   482
